 Dungeon Crawl Stone Soup version 0.28-a0-895-g6e5f11bd55 (webtiles) character file.

Game seed: 17959280567475319795

1617 tilp the Covert (level 8, 0/37 HPs)
             Began as a Felid Ice Elementalist on Nov 21, 2021.
             Was a Priest of Ru.
             Slain by a centaur warrior zombie (3 damage)
             ... on level 10 of the Dungeon on Nov 22, 2021.
             The game lasted 00:33:24 (17254 turns).

tilp the Covert (Felid Ice Elementalist)           Turns: 17254, Time: 00:33:25

Health: 0/37       AC:  2    Str:  4    XL:     8   Next: 64%
Magic:  16/16      EV: 22    Int: 19    God:    Ru [***...]
Gold:   272        SH:  0    Dex: 18    Spells: 6/17 levels left
                                        Lives:  0   Deaths: 3

rFire   . . .      SeeInvis +     - Unarmed
rCold   . . .      Faith    .   (shield unavailable)
rNeg    . . .      Spirit   .   (armour unavailable)
rPois   .          Reflect  .   (helmet unavailable)
rElec   .          Harm     .   (cloak unavailable)
rCorr   .          Rampage  .   (gloves unavailable)
Will    ++...                   (boots unavailable)
Stlth   ++++......              (no amulet)
HPRegen 0.12/turn               (no ring)
MPRegen 0.15/turn               p - ring of willpower

@: quick
A: very small, claws 1, fangs 3, see invisible, speed 1, shaggy fur 2, hated by
all, no necromancy magic, no poison magic, no transmutations magic, stealthy
paws, no weapons or thrown items, no armour, multi-lived
a: Renounce Religion, Draw Out Power


You were on level 10 of the Dungeon.
You worshipped Ru.
Ru was most pleased with you.
You visited 2 branches of the dungeon, and saw 11 of its levels.
You also visited: Sewer.

You collected 594 gold pieces.
You spent 322 gold pieces at shops.

Inventory:

Jewellery
 o - a ring of ice
 p - a ring of willpower (right paw)
Wands
 h - a wand of flame (16)
 w - a wand of acid (2)
Scrolls
 b - 7 scrolls of identify
 c - a scroll of magic mapping
 l - a scroll of fear
 n - 2 scrolls of teleportation
 q - a scroll of blinking
 r - a scroll of fog
 t - 2 scrolls of amnesia
Potions
 a - a potion of mutation
 d - 2 potions of lignification
 e - 3 potions of invisibility
 f - a potion of brilliance
 g - a potion of might
 i - 3 potions of heal wounds
 j - 5 potions of flight
 k - a potion of curing
 m - 3 potions of haste
 s - 7 potions of ambrosia
 u - a potion of attraction
 v - a potion of magic
 z - a potion of berserk rage


   Skills:
 + Level 5.3 Fighting
 + Level 7.5 Dodging
 + Level 9.3 Stealth
 + Level 5.4 Unarmed Combat
 - Level 5.0 Spellcasting
 - Level 6.0 Conjurations
 - Level 8.0 Ice Magic
 - Level 4.0 Evocations


You had 6 spell levels left.
You knew the following spells:

 Your Spells              Type           Power      Damage    Failure   Level
a - Freeze                Ice            100%       1d11      1%          1
b - Frozen Ramparts       Ice            70%        1d9       1%          3
c - Ozocubu's Armour      Ice            35%        N/A       1%          3
d - Hailstorm             Conj/Ice       31%        3d8       7%          4

Your spell library contained the following spells:

 Spells                   Type           Power      Damage    Failure   Level
 Slow                     Hex            16%        N/A       12%         1
 Confusing Touch          Hex            4%         N/A       36%         3
 Vampiric Draining        Necr           Unusable   2d6       N/A         3

Dungeon Overview and Level Annotations

Branches:
Dungeon (10/15)            Temple (1/1) D:4           Sewer (visited)
   Lair: D:8-11         Orc: D:9-12

Altars:
Cheibriados
Dithmenos
Elyvilon
Fedhas
Gozag
Hepliaklqana
Kikubaaqudgha
Makhleb
Nemelex Xobeh
Okawaru
Qazlal
Ru
Sif Muna
Trog
Uskayaw
Vehumet
Wu Jian
Xom
Yredelemnul
Zin
The Shining One
Beogh

Shops:
D:1 ?   D:3 [?[   D:5 (

Annotations:
D:3 dig vaults, 3 runed translucent doors, sastreii's ghost, amateur GnGl
D:4 exclusion: hornet
D:7 2 transporters, Samaell's ghost, novice TrFi
D:8 exclusions: skeletal warrior, troll and 1 more exclusion
D:9 flayed ghost! bottom right


Innate Abilities, Weirdness & Mutations

You have sharp claws.
You have razor-sharp teeth.
You have supernaturally acute eyesight. (SInv)
You cover ground quickly. (Speed+)
You are covered in thick fur. (AC +2)
You are hated by all.
You cannot study or cast Necromancy magic.
You cannot study or cast Poison magic.
You cannot study or cast Transmutations magic.
Your paws help you pounce on unaware monsters.
You are incapable of wielding weapons or throwing items.
You cannot wear armour.
You gain extra lives every three experience levels.


Message History

The centaur warrior zombie barely misses you.
The centaur warrior zombie kicks you but does no damage.
You scratch the electric eel. You claw the electric eel.
The electric eel is heavily wounded.
The bullfrog misses you.
The centaur warrior zombie barely misses you.
The centaur warrior zombie misses you. The bullfrog misses you.
You claw the electric eel!
The electric eel is almost dead.
The bullfrog completely misses you. The centaur warrior zombie hits you.
The centaur warrior zombie kicks you.
You closely miss the electric eel. Your bite misses the electric eel.
The electric eel is almost dead.
The bullfrog closely misses you.
The centaur warrior zombie misses you. x2
You barely miss the electric eel.
The electric eel is almost dead.
The bullfrog hits you!
* * * LOW HITPOINT WARNING * * *
The centaur warrior zombie hits you.
* * * LOW HITPOINT WARNING * * *
The centaur warrior zombie kicks you but does no damage.
The electric eel is stunned by your conviction and fails to attack.
The bullfrog closely misses you.
You scratch the electric eel.
You kill the electric eel!
You hear a splash.
The centaur warrior zombie hits you.
* * * LOW HITPOINT WARNING * * *
The centaur warrior zombie completely misses you.
The bullfrog completely misses you. The orc warrior completely misses you.
You redirect the orc priest's attack!
Why would you want to do that? Why would you want to do that?
Unknown command.
Why would you want to do that?
You scratch the centaur warrior zombie.
The centaur warrior zombie is moderately damaged.
The centaur warrior zombie misses you. x2; The bullfrog completely misses you.
The orc warrior closely misses you. The centaur warrior zombie hits you.
You die...

. #..≈≈ .. +.... .. #.≈≈#
## ##.≈≈.#
#..≈≈.'#################
#..≈8≈≈≈≈≈≈≈≈≈≈≈≈≈≈≈≈≈≈≈
...8≈≈≈≈≈≈≈≈≈≈≈≈≈≈≈≈≈≈≈≈
#...oZ@................
####.##F#(.####....#....
##.P.........#......#....
...P.P.PP....+......#....
..P.P.....P..#......#....
P.........)..#......##...
....PPP.PP...#......##...
.P.####......#....§§'....
... #P.....#...§§§#....


You could see an orc warrior, a bullfrog and a centaur warrior zombie.

Vanquished Creatures
  Pikel (D:6)
  A kobold demonologist (D:9)
  Maggie (D:7)
  A queen bee (D:9)
  A meliai (D:8)
  A wyvern (D:9)
  2 vampire mosquitoes (D:6)
  A water moccasin (D:8)
  Duvessa (D:7)
  A black bear (D:5)
  3 sky beasts
  An ogre (D:6)
  5 centaurs
  A phantom (D:5)
  4 lemures
  Blork the orc (D:6)
  8 kobold brigands
  3 bullfrogs
  A gnoll sergeant (D:6)
  2 scorpions
  A wyvern zombie (D:9)
  A water moccasin skeleton (D:6)
  Dowan (D:7)
  33 killer bees
  An electric eel (D:10)
  4 centaur zombies
  4 hounds
  4 gnoll shamans
  4 orc priests
  2 iguanas (D:7)
  8 orc wizards
  A hound skeleton (D:5)
  A howler monkey zombie (D:5)
  26 gnolls
  A river rat (Sewer)
  6 adders
  A white imp (D:7)
  An adder skeleton (D:4)
  3 worms
  A dart slug (D:5)
  25 orcs
  4 ball pythons
  5 bats
  6 endoplasms
  6 giant cockroaches
  6 goblins
  7 hobgoblins
  6 jackals
  13 kobolds
  A quokka (D:2)
  A frilled lizard (D:1)
  10 rats
234 creatures vanquished.

Vanquished Creatures (others)
  3 fungi (D:10)
  3 plants (D:10)
6 creatures vanquished.

Grand Total: 240 creatures vanquished

Notes
Turn   | Place    | Note
-------+----------+-------------------------------------------
     0 | D:1      | tilp the Felid Ice Elementalist began the quest for the
                  | Orb.
     0 | D:1      | Reached XP level 1. HP: 7/7 MP: 4/4
   562 | D:1      | Found Banol's Magic Scroll Boutique.
   658 | D:1      | Bought a scroll of identify for 28 gold pieces
   904 | D:1      | Reached XP level 2. HP: 6/12 MP: 3/6
  1083 | D:1      | Found a faded altar of an unknown god.
  1614 | D:2      | Reached skill level 1 in Fighting
  1918 | D:1      | Bought a scroll of magic mapping for 49 gold pieces
  2758 | D:2      | Reached XP level 3. HP: 3/16 MP: 0/7
  2762 | D:2      | Learned a level 3 spell: Frozen Ramparts
  3208 | D:2      | Reached skill level 1 in Unarmed Combat
  3485 | D:3      | Found Bataiw's Antique Armour Boutique.
  3571 | D:3      | Found a glowing drain.
  3575 | Sewer    | Entered a sewer
  3687 | Sewer    | Noticed a kobold brigand
  3700 | Sewer    | Reached skill level 3 in Stealth
  3700 | Sewer    | Reached XP level 4. HP: 19/19 MP: 4/8
  3765 | Sewer    | Killed a kobold brigand
  3766 | Sewer    | Reached skill level 4 in Stealth
  4345 | Sewer    | Found a glowing silver altar of Zin.
  4578 | D:3      | Reached XP level 5. HP: 22/22 MP: 7/9
  4627 | D:3      | HP: 1/22 [poisoned by an adder]
  5113 | D:1      | Bought a scroll of fear for 49 gold pieces
  5221 | D:3      | Found Obubuokk's Magic Scroll Boutique.
  5241 | D:3      | Learned a level 3 spell: Ozocubu's Armour
  5400 | D:3      | Found a runed translucent gate.
  5401 | D:3      | Found a runed translucent gate.
  5401 | D:3      | Noticed sastreii's ghost (amateur GnGl)
  5405 | D:3      | Found a runed translucent gate.
  5475 | D:3      | Found Hius's Armour Shoppe.
  6102 | D:3      | Reached skill level 5 in Ice Magic
  6324 | D:3      | Bought a scroll of teleportation for 42 gold pieces
  6548 | D:3      | Gained mutation: You are covered in thick fur. (AC +2)
                  | [Felid growth]
  6548 | D:3      | Reached XP level 6. HP: 26/26 MP: 2/10
  7500 | D:4      | Noticed a hornet
  7569 | D:4      | Found an ornate altar of the Wu Jian Council.
  7585 | D:4      | Identified the +7 whip of Honesty {antimagic, rF+ Int-3
                  | Dex+4}
  7707 | D:4      | Found a staircase to the Ecumenical Temple.
  7758 | Temple   | Entered the Ecumenical Temple
  7897 | Temple   | Became a worshipper of Ru the Awakened
  7943 | D:4      | Found a shimmering blue altar of Sif Muna.
  7966 | D:4      | Found a glowing silver altar of Zin.
  8173 | D:3      | Bought a scroll of blinking for 105 gold pieces
  8394 | D:4      | Reached XP level 7. HP: 30/30 MP: 4/12
  8534 | D:5      | Entered Level 5 of the Dungeon
  9511 | D:5      | Found an iron altar of Okawaru.
  9623 | D:5      | Found Ylake's Antique Weapon Emporium.
  9705 | D:5      | Reached skill level 5 in Stealth
  9795 | D:5      | Reached skill level 5 in Dodging
  9968 | D:1      | Bought a scroll of amnesia for 49 gold pieces
 10267 | D:6      | Reached XP level 8. HP: 34/34 MP: 13/13
 10299 | D:6      | Learned a level 4 spell: Hailstorm
 10299 | D:6      | Gained mutation: You cannot study or cast Poison magic. [Ru
                  | sacrifice]
 10299 | D:6      | Gained mutation: You cannot study or cast Transmutations
                  | magic. [Ru sacrifice]
 10299 | D:6      | Gained mutation: You cannot study or cast Necromancy magic.
                  | [Ru sacrifice]
 10299 | D:6      | Reached * piety under Ru
 10425 | D:6      | Found a stormy altar of Qazlal.
 10530 | D:6      | Noticed Pikel
 10709 | D:6      | HP: 1/35 [Pikel (2)]
 10709 | D:6      | Mangled by a phantom
 10710 | D:6      | Reached XP level 7. HP: -6/31 MP: 12/12
 10763 | D:6      | Found a hazy altar of Hepliaklqana.
 10775 | D:6      | Killed a vampire mosquito
 10776 | D:6      | Reached skill level 6 in Stealth
 10898 | D:6      | Reached skill level 7 in Stealth
 10971 | D:6      | Killed a vampire mosquito
 10972 | D:6      | Reached skill level 8 in Stealth
 11114 | D:6      | Reached skill level 1 in Conjurations
 11114 | D:6      | Reached XP level 8. HP: 36/36 MP: 13/13
 11164 | D:6      | Killed Pikel
 11273 | D:6      | Noticed Blork the orc
 11276 | D:6      | Found an opulent altar of Gozag.
 11419 | D:6      | Killed Blork the orc
 11573 | D:7      | Noticed Maggie
 11585 | D:7      | Killed Maggie
 11586 | D:7      | Reached XP level 9. HP: 13/39 MP: 3/14
 12012 | D:7      | Noticed Duvessa
 12014 | D:7      | Noticed Dowan
 12025 | D:7      | Killed Duvessa
 12130 | D:7      | Killed Dowan
 13192 | D:7      | Noticed Samaell's ghost (novice TrFi)
 13193 | D:7      | Found a transporter.
 13193 | D:7      | Found a transporter.
 13193 | D:7      | Identified the +3 great mace of Balance {vorpal, *Rage
                  | Dex+8}
 13193 | D:7      | Noticed a two-headed ogre
 13290 | D:7      | Upgraded the game from 0.28-a0-883-gc8d7bad45d to
                  | 0.28-a0-895-g6e5f11bd55
 13332 | D:8      | Reached skill level 5 in Conjurations
 13834 | D:8      | Noticed a troll
 13902 | D:8      | Gained mutation: You are hated by all. [Ru sacrifice]
 13902 | D:8      | Reached ** piety under Ru
 13902 | D:8      | Reached *** piety under Ru
 14270 | D:8      | Noticed a meliai
 14275 | D:8      | Killed a meliai
 14276 | D:8      | Reached skill level 5 in Spellcasting
 14621 | D:8      | Noticed a skeletal warrior
 14795 | D:9      | Noticed a queen bee
 14850 | D:9      | Reached skill level 1 in Evocations
 14855 | D:9      | Reached XP level 10. HP: 33/42 MP: 12/18
 15345 | D:9      | Found a white marble altar of Elyvilon.
 16393 | D:9      | Noticed a flayed ghost
 16472 | D:9      | Reached skill level 5 in Unarmed Combat
 16473 | D:9      | Reached skill level 5 in Fighting
 16474 | D:9      | Reached skill level 9 in Stealth
 16777 | D:10     | Entered Level 10 of the Dungeon
 16895 | D:10     | Noticed a gargoyle
 17220 | D:10     | Killed from afar by a steam dragon
 17221 | D:10     | Reached XP level 9. HP: -7/38 MP: 17/17
 17234 | D:10     | Paralysed by a hornet for 1 turns
 17239 | D:10     | Killed from afar by an electric eel
 17240 | D:10     | Reached XP level 8. HP: -9/37 MP: 14/16
 17254 | D:10     | Slain by a centaur warrior zombie

Illustrated notes

Levels and vault maps discovered:
D:1:      dpeg_arrival_signposts, layout_basic, serial_shops, shop,
          serial_curves, eino_curves_02, eino_curves_01,
          chequers_ecumenical_altar_simple, minivault_23
D:2:      layout_basic, minmay_tromino_v4_a
D:3:      layout_basic, gup_sewer_entry_bowl, gammafunk_ghost_split,
          serial_glass, glass_columns_a, glass_columns_a, glass_columns_b,
          glass_columns_b, glass_columns_b, glass_columns_a, glass_columns_b,
          glass_columns_a, glass_columns_c, glass_columns_c, glass_columns_a,
          glass_columns_c, glass_columns_a, glass_columns_b,
          due_unseen_surprise, item_on_display_a, minmay_strange_pillars,
          item_on_display_a, serial_shops, shop, shop, nicolae_shop_waterfront,
          kennysheep_orc_chapel
D:4:      layout_cave_pools, nicolae_wu_jian_wuxing_cycle,
          grunt_temple_overflow_open, minmay_temple_entry_sparse_star
D:5:      layout_cave_pools, okawaru_altar_gauntlet_db, serial_shops,
          kennysheep_mini
D:6:      layout_cave_pools, mainiacjoe_overflow_small_starburst,
          nicolae_qazlal_general_emergency, mainiacjoe_overflow_six_doors_small,
          minmay_crossroads, uniq_blork_the_orc, uniq_pikel
D:7:      layout_rooms, gammafunk_ghost_smash, serial_aquarium,
          aquarium_bridge_square [aquarium_subvault_wall,
          aquarium_subvault_bridge, aquarium_subvault_wall,
          aquarium_subvault_wall], aquarium_window_1, aquarium_window_fake,
          aquarium_view_2d, lemuel_another_geyser, uniq_duvessa, uniq_maggie
D:8:      layout_loops_ring, minmay_three_doors
D:9:      layout_roguey [special_room_bee], elyvilon_altar_5, special_room
          [special_room_kobold], kennysheep_island_fort
D:10:     layout_gridville, ashenzari_conservatory_becter,
          grunt_lair_entry_orc_guard_hut, erik_orc_2
Temple:   dshaligram_water_room_temple

Skill      XL: |  1  2  3  4  5  6  7  8  9 10 |
---------------+-------------------------------+-----
Ice Magic      | 4 5 6 7 8 |  8.0
Fighting       | 2 4 5 |  5.3
Unarmed Combat | 2 4 5 |  5.4
Stealth        | 3 4 8 9 |  9.3
Dodging        | 4 6 7 |  7.5
Spellcasting   | 3 5 |  5.0
Conjurations   | 1 4 6 |  6.0
Evocations     | 2 4 |  4.0

Action                   |  1- 3 |  4- 6 |  7- 9 | 10-12 || total
-------------------------+-------+-------+-------+-------++-------
Melee: Unarmed           |    28 |    29 |   136 |    59 ||   252
       Bite              |     2 |       |    12 |     2 ||    16
       Punch             |       |     1 |     3 |     1 ||     5
 Cast: Freeze            |    47 |    36 |    68 |       ||   151
       Frozen Ramparts   |     3 |    32 |    36 |    19 ||    90
       Ozocubu's Armour  |       |    19 |    44 |    11 ||    74
       Hailstorm         |       |       |     1 |    10 ||    11
Invok: Sacrifice Arcana  |       |       |     1 |       ||     1
       Sacrifice Love    |       |       |     1 |       ||     1
       Draw Out Power    |       |       |       |     1 ||     1
Evoke: Wand              |       |       |       |     6 ||     6
  Use: Scroll            |     4 |     1 |    17 |     1 ||    23
       Potion            |       |     1 |     1 |       ||     2
 Stab: Sleeping          |     5 |     5 |    13 |     2 ||    25
       Distracted        |       |       |       |     1 ||     1
Armor: Skin              |     2 |    10 |    38 |    10 ||    60
Dodge: Dodged            |    37 |    63 |   244 |    83 ||   427

Table legend: (Time is in decaauts)
 A = Elapsed time spent in this place.
 B = Non-inter-level travel time spent in this place.
 C = Inter-level travel time spent in this place.
 D = Time resting spent in this place.
 E = Time spent auto-exploring this place.
 F = Levels seen in this place.
 G = Mean time per level.
                   A        B        C        D        E       F      G
               +--------+--------+--------+--------+--------+-----+--------+
         Total |  15777 |  14814 |    963 |   5643 |   7014 |  12 | 1314.8 |
       Dungeon |  14738 |  13822 |    916 |   5062 |   6802 |  10 | 1473.8 |
        Temple |    134 |     87 |     47 |      0 |     78 |   1 |  134.0 |
         Sewer |    904 |    904 |      0 |    580 |    133 |   1 |  904.0 |
               +--------+--------+--------+--------+--------+-----+--------+

Top non-repeatable levels by time:
     D:3: 2653 daAuts
     D:9: 2211 daAuts
     D:1: 1766 daAuts
     D:6: 1580 daAuts
     D:2: 1525 daAuts
     D:8: 1261 daAuts
     D:5: 1259 daAuts
     D:4: 1248 daAuts
     D:7: 1109 daAuts
   Sewer: 904 daAuts
  Temple: 134 daAuts
    D:10: 121 daAuts
